 Dungeon Crawl Stone Soup version 0.18-a0-902-g8738618 (webtiles) character file.

189 Jmtri7 the Skirmisher (level 6, -1/51 HPs)
             Began as a Formicid Artificer on Dec 25, 2015.
             Slain by a centaur (8 damage)
             ... on level 7 of the Dungeon.
             The game lasted 00:09:49 (2011 turns).

Jmtri7 the Skirmisher (Formicid Artificer)          Turns: 2011, Time: 00:09:49

Health: -1/51      AC:  6    Str: 18    XL:     6   Next: 0%
Magic:  8/8        EV: 10    Int: 11    God:
Gold:   80         SH:  0    Dex: 11    Spells: 0 memorised, 5 levels left

rFire  + . .     SeeInvis +     b - +2 short sword (venom)
rCold  . . .     Gourm    .     s - +0 scale mail
rNeg   . . .     Faith    .     (no shield)
rPois  .         Spirit   .     (helmet unavailable)
rElec  .         Dismiss  .     (no cloak)
rCorr  .         Reflect  .     (no gloves)
SustAt .         Harm     .     (no boots)
MR     .....                    (no amulet)
Stlth  ..........               (no ring)
                                l - ring of protection from fire

@: starving, not resistant to hostile enchantments, extremely unstealthy
A: permanent stasis, dig shafts and tunnels, four strong arms, antennae 3
a: Dig, Shaft Self


You were on level 7 of the Dungeon.
You were starving.

You visited 1 branch of the dungeon, and saw 5 of its levels.

You collected 80 gold pieces.

Inventory:

Hand Weapons
 b - a +2 short sword of venom (weapon)
Armour
 s - a +0 scale mail (worn)
Jewellery
 l - a ring of protection from fire (left hand)
Wands
 c - a wand of flame (3/48)
 d - a wand of enslavement (0/24)
 e - a wand of random effects (15/48)
 f - a wand of random effects (23/48)
 t - a wand of random effects (17/48)
Scrolls
 h - 2 scrolls of noise {unknown}
 m - a scroll of magic mapping {unknown}
 n - a scroll of remove curse {unknown}
 q - 2 scrolls of enchant weapon {unknown}
Potions
 a - a potion of flight {unknown}
 g - 3 potions of curing {unknown}
 i - 2 potions of resistance {unknown}
 k - 2 potions of invisibility {unknown}
 o - a potion of mutation {unknown}
 p - a potion of might {unknown}
 r - 2 potions of heal wounds {unknown}
Comestibles
 j - 2 fruits


   Skills:
 + Level 5.0 Fighting
 - Level 1.0 Short Blades
 + Level 2.9 Armour
 - Level 1.7 Dodging
 - Level 1.2 Stealth
 - Level 3.2 Evocations


You had 5 spell levels left.
You didn't know any spells.

Dungeon Overview and Level Annotations

Branches:
Dungeon (7/15)
 Temple: D:4-7

Altars:
Cheibriados
The Shining One

Shops:
D:6 }

Annotations:
D:7 Jmtri7's ghost, novice FoAr


Innate Abilities, Weirdness & Mutations

You are under a permanent stasis effect.
You can dig through walls and to a lower floor.
Your four strong arms can wield two-handed weapons with a shield.
You have a pair of large antennae on your head (SInv).


Message History

You dig through the rock wall.
The orc priest calls down the wrath of Beogh upon you.
Something smites you!
* * * LOW HITPOINT WARNING * * *
You dig through the rock wall.
You dig through the rock wall.
The centaur shoots an arrow.
The arrow hits you.
* * * LOW HITPOINT WARNING * * *
Jmtri7's ghost (novice Formicid Artificer) comes into view.
It is wielding a weapon of chaos.
Jmtri7's ghost turns its malevolent gaze towards you.
You see here an arrow.
You dig through the rock wall.
You dig through the rock wall.
You dig through the rock wall.
You dig through the rock wall.
The centaur unwields an uncursed shortbow.
The centaur completely misses you.
You dig through the rock wall.
You are starving!
The centaur hits you!
You die...

#..# #W.#
#{{#########
#.{{{.....Y.
#.##{#######
#.##{######
#.###.#o#.##
#.# ##(#.#c#
#.# ####@##
#.# ### #.#
#.# #.# #.#
#.# #.# #.#


You could see a centaur and an orc.

Vanquished Creatures
  An ice beast (D:7)
  An iron imp (D:6)
  2 adders (D:2)
  An ooze (D:2)
  A worm (D:2)
  A giant gecko (D:6)
  3 orcs (D:6)
  2 bats
  6 giant cockroaches
  8 hobgoblins
  3 kobolds
  A giant newt (D:2)
  7 goblins
  5 jackals (D:2)
  3 rats
45 creatures vanquished.

Notes
Turn   | Place    | Note
--------------------------------------------------------------
     0 | D:1      | Jmtri7 the Formicid Artificer began the quest for the Orb.
     0 | D:1      | Reached XP level 1. HP: 15/15 MP: 3/3
     2 | D:1      | Noticed an elf
     2 | D:1      | Noticed a demonspawn
     4 | D:1      | Noticed a troll
     4 | D:1      | Noticed a tengu
     6 | D:1      | Noticed a vine stalker
     8 | D:1      | Noticed a gargoyle
     8 | D:1      | Noticed a felid
    10 | D:1      | Noticed a spriggan
    12 | D:1      | Noticed a centaur
    12 | D:1      | Noticed a minotaur
    14 | D:1      | Noticed a formicid
    14 | D:1      | Noticed a draconian
    16 | D:1      | Noticed a vampire
    18 | D:1      | Noticed a merfolk
    18 | D:1      | Noticed a demigod
    20 | D:1      | Noticed a ghoul
    20 | D:1      | Noticed an octopode
    22 | D:1      | Noticed a naga
    24 | D:1      | Noticed a dwarf
    26 | D:1      | Noticed an ogre
    26 | D:1      | Noticed a human
   380 | D:1      | Found a glowing golden altar of the Shining One.
   419 | D:1      | Reached XP level 2. HP: 9/22 MP: 4/4
   928 | D:1      | You fall through a shaft!
   974 | D:2      | Reached XP level 3. HP: 24/28 MP: 5/5
  1207 | D:2      | Reached XP level 4. HP: 33/37 MP: 6/6
  1262 | D:2      | Reached skill level 4 in Fighting
  1478 | D:2      | You fall through a shaft!
  1481 | D:3      | You fall through a shaft for 3 floors!
  1494 | D:6      | Found a snail-covered altar of Cheibriados.
  1502 | D:6      | Reached skill level 1 in Armour
  1536 | D:6      | Found Wiruwar's Gadget Shoppe.
  1557 | D:6      | Reached XP level 5. HP: 31/43 MP: 7/7
  1570 | D:6      | HP: 2/43 [orc wizard/puff of frost (5)]
  1579 | D:6      | You fall through a shaft!
  1936 | D:7      | Noticed an ice beast
  1960 | D:7      | Killed an ice beast
  1960 | D:7      | Reached skill level 5 in Fighting
  1960 | D:7      | Reached XP level 6. HP: 34/51 MP: 8/8
  1995 | D:7      | Noticed an orc warrior
  2002 | D:7      | Noticed a sky beast
  2006 | D:7      | Noticed Jmtri7's ghost (novice FoAr)
  2011 | D:7      | Slain by a centaur

Vault maps used:
D:1:      kb_arrival_jail, tso_metal_star
D:3:      grunt_temple_overflow_growth_and_decay, zin_treasury
D:6:      grunt_temple_overflow_lords_of_destruction, slow_altar_2,
          serial_shops, shop_statue, feat_on_display
D:7:      lemuel_temple_firewalk_marked

Action                   |  1- 3 |  4- 6 || total
-------------------------+-------+-------++-------
Melee: Short sword       |    67 |    87 ||   154
 Abil: Dig               |    12 |     7 ||    19
       Shaft Self        |     1 |     3 ||     4
Evoke: Wand              |     7 |    20 ||    27
  Eat: Bread ration      |       |     1 ||     1
       Fruit             |       |     1 ||     1
